 Dungeon Crawl Stone Soup version 0.29.1-15-g9cfb28693d (webtiles) character file.

Game seed: 17390437728652205113

86648 Renzlar the Carver (level 15, 0/121 HPs)
             Began as a Gnoll Fighter on Mar 10, 2023.
             Was the Champion of Okawaru.
             Slain by an ettin
             ... wielding a +0 dire flail
              (9 damage)
             ... on level 1 of the Orcish Mines.
             The game lasted 02:01:09 (25248 turns).

Renzlar the Carver (Gnoll Fighter)                 Turns: 25248, Time: 02:01:10

Health: 0/121      AC: 19    Str: 20    XL:     15   Next: 87%
Magic:  15/29      EV: 16    Int:  7    God:    Okawaru [******]
Gold:   992        SH: 13    Dex: 17    Spells: 12/34 levels left

rFire   + + .      SeeInvis +   s - +5 scimitar (flame)
rCold   + . .      Faith    .   x - +0 kite shield
rNeg    . . .      Spirit   .   S - quicksilver dragon scales of Okawaru, Protecting {rF+ Will+}
rPois   +          Reflect  .   h - +2 helmet
rElec   .          Harm     .   X - scarf {rC+ rF+}
rCorr   .          Rampage  .   (no gloves)
Will    ++...      Clarity  +   z - +0 pair of boots
Stlth   ++++......              (no amulet)
HPRegen 0.30/turn               H - ring of see invisible
MPRegen 0.21/turn               f - ring of poison resistance

@: very slightly contaminated, studying Long Blades
A: fangs 1, strong nose, distributed training, agile 1, clarity, sturdy frame 1
a: Renounce Religion, Heroism, Finesse, Duel


You were on level 1 of the Orcish Mines.
You worshipped Okawaru.
Okawaru was exalted by your worship.
You visited 4 branches of the dungeon, and saw 19 of its levels.
You also visited: Ossuary.

You collected 1639 gold pieces.
You spent 647 gold pieces at shops.

Inventory:

Hand Weapons
 a - the +5 hand axe "Wupno" {vamp, Str+2}
   (You bought it in a shop on level 3 of the Dungeon)

   It occasionally heals its wielder for a portion of the damage dealt when it
   wounds a living foe.
   Str:       It affects your strength (+2).
 c - a +0 sling of freezing
 d - a +4 trident of freezing
 e - the +3 Elemental Staff {rElec rF++ rC++ AC+5}
   (You took it off a deep elf pyromancer on level 10 of the Dungeon)

   If the wielder is skilled in Evocations, they can discharge powerful blasts
   of elemental energy when striking with it.
   It enhances your fire, ice, earth and air magic.
   AC:        It affects your AC (+5).
   rF:        It greatly protects you from fire.
   rC:        It greatly protects you from cold.
   rElec:     It insulates you from electricity.
 m - a +5 dagger
 r - the +8 hammer of Ilol {vorpal, *Noise Fly rCorr Str+4}
   (You found it on level 2 of the Dungeon)

   It inflicts extra damage upon your enemies.
   Str:       It affects your strength (+4).
   Fly:       It grants you flight.
   *Noise:    It may make noises in combat.
   rCorr:     It protects you from acid and corrosion.
 s - a +5 scimitar of flaming (weapon)
 I - a +2 eveningstar of protection
Missiles
 u - 47 poisoned darts (quivered)
Armour
 h - a +2 helmet (worn)
 p - +2 acid dragon scales
 x - a +0 kite shield (worn)
 z - a +0 pair of boots (worn)
 J - a +2 ring mail of willpower
 S - the quicksilver dragon scales of Okawaru, Protecting (worn) {rF+ Will+}
   (Okawaru gifted it to you on level 3 of the Lair of Beasts)

   rF:        It protects you from fire.
   Will:      It increases your willpower.
 X - a scarf of resistance (worn)
Jewellery
 f - a ring of poison resistance (right hand)
 g - a ring of protection from cold
 n - a ring of wizardry
 o - an amulet of magic regeneration
 y - a ring of flight
 G - a ring of willpower
 H - a ring of see invisible (left hand)
 M - a ring of willpower
Wands
 w - a wand of light (14)
 F - a wand of paralysis (26)
 L - a wand of flame (10)
 W - a wand of iceblast (4)
Scrolls
 b - 2 scrolls of amnesia
 k - a scroll of brand weapon
 v - 8 scrolls of teleportation
 A - 8 scrolls of identify
 B - a scroll of enchant armour
 Q - 3 scrolls of blinking
 T - 2 scrolls of silence
 V - a scroll of magic mapping
Potions
 i - 2 potions of mutation
 j - 2 potions of lignification
 l - 5 potions of curing
 q - 4 potions of haste
 t - 5 potions of magic
 C - a potion of might
 E - 2 potions of cancellation
 R - 2 potions of flight
Miscellaneous
 N - a condenser vane
 P - a lightning rod (3/4)


   Skills:
 + Level 12.2 Fighting
 + Level 10.4 Short Blades
 + Level 12.6 Long Blades
 + Level 11.3 Axes
 + Level 10.4 Maces & Flails
 + Level 10.4 Polearms
 + Level 10.4 Staves
 + Level 10.4 Ranged Weapons
 + Level 10.4 Throwing
 + Level 12.2 Armour
 + Level 10.4 Dodging
 + Level 10.4 Stealth
 + Level 12.2 Shields
 + Level 10.4 Unarmed Combat
 + Level 10.4 Spellcasting
 + Level 8.7 Conjurations
 + Level 8.7 Hexes
 + Level 8.7 Summonings
 + Level 8.7 Necromancy
 + Level 8.7 Translocations
 + Level 8.7 Transmutations
 + Level 8.7 Fire Magic
 + Level 8.7 Ice Magic
 + Level 8.7 Air Magic
 + Level 8.7 Earth Magic
 + Level 8.7 Poison Magic
 + Level 11.3 Invocations
 + Level 10.4 Evocations


You had 12 spell levels left.
You knew the following spells:

 Your Spells              Type           Power      Damage    Failure   Level
a - Lee's Rapid Deconstr  Erth           7%         3d8*      30%         5
b - Irradiate             Conj/Tmut      7%         3d14      30%         5
c - Portal Projectile     Hex/Tloc       30%        N/A       3%          3
d - Olgreb's Toxic Radia  Pois           15%        N/A       11%         4
e - Fireball              Conj/Fire      7%         3d5       30%         5

Your spell library contained the following spells:

 Spells                   Type           Power      Damage    Failure   Level
 Cause Fear               Hex            7%         N/A       11%         4
 Leda's Liquefaction      Hex/Erth       7%         N/A       11%         4
 Blade Hands              Tmut           7%         N/A       30%         5
 Iron Shot                Conj/Erth      7%         9d2       86%         6
 Starburst                Conj/Fire      7%         6d4       86%         6
 Statue Form              Tmut/Erth      10%        N/A       86%         6
 Dragon Form              Tmut           7%         N/A       100%        7
 Ozocubu's Refrigeration  Ice            7%         4d9       100%        7
 Ignition                 Fire           7%         3d5       100%        8
 Tukima's Dance           Hex            Unusable   N/A       N/A         3
 Animate Armour           Summ/Erth      Unusable   N/A       N/A         4
 Dragon's Call            Summ           Unusable   N/A       N/A         9

Dungeon Overview and Level Annotations

Branches:
Dungeon (11/15)            Temple (1/1) D:7            Lair (5/5) D:10
  Swamp (0/4) Lair:2        Snake (0/4) Lair:2        Slime (0/5) Lair:5
    Orc (2/2) D:10            Elf (0/3) Orc:2       Ossuary (visited)

Altars:
Ashenzari
Cheibriados
Dithmenos
Elyvilon
Fedhas
Gozag
Hepliaklqana
Kikubaaqudgha
Makhleb
Nemelex Xobeh
Okawaru
Qazlal
Ru
Sif Muna
Uskayaw
Vehumet
Wu Jian
Xom
Yredelemnul
Zin
The Shining One
Jiyva

Shops:
D:3 (   D:9 *?=

Portals:
Hell: Lair:5


Innate Abilities, Weirdness & Mutations

You have very sharp teeth.
Your uncanny sense of smell can sniff out nearby items.
Your experience applies equally to all skills.
You are agile. (Dex +4, Str/Int -1)
You possess an exceptional clarity of mind.
Your movements are slightly less encumbered by armour. (ER -2)


Message History

The two-headed ogre hits you with a +0 giant club!!
Unknown command.
Unknown command.
Casting: Irradiate (dangerous; 30% risk of failure)
Confirm with . or Enter, or press ? or * to list all spells.
You erupt in a fountain of uncontrolled magic!
The orc wizard is blasted with magical radiation!
The orc wizard is almost dead.
The orc wizard twists and deforms.
The two-headed ogre is blasted with magical radiation!!
The two-headed ogre is heavily wounded.
The two-headed ogre twists and deforms.
The ogre is blasted with magical radiation!!
You kill the ogre!
Okawaru accepts your kill.
The ettin is blasted with magical radiation!!
The ettin is moderately wounded.
The ettin twists and deforms.
You block the ettin's attack.
The ettin hits you with a +0 dire flail!
You block the orc wizard's attack.
Unknown command.
You hit the ettin. You burn the ettin.
The ettin is moderately wounded.
You block the two-headed ogre's attack.
The two-headed ogre hits you with a +0 giant club.
The ettin hits you with a +0 dire flail!!
* * * LOW HITPOINT WARNING * * *
The ettin barely misses you.
The orc wizard gestures at you while chanting.
The puff of flame misses you.
Unknown command.
You block the orc wizard's attack.
The two-headed ogre completely misses you.
You block the two-headed ogre's attack.
Items here: ))))))) [[[[.
The orc wizard attacks as you move away!
The orc wizard hits you but does no damage.
The ettin attacks as you move away!
The ettin hits you with a +0 dire flail!
You die...

#### ##### ####
###..###.#.#####..##
##.......[..)<......#
##...........))......#
####....)[)....).......##
##.##....[CO[...........#
#........o@#...........##
##.#............#...#.##
###................####
##.##.......[........#
#...................##
##.##.##....#.#.#....##
########....######...#
###.#..###..#....##
##......##.........#


You could see an ettin (misshapen), a two-headed ogre (misshapen) and an orc
wizard (misshapen).

Vanquished Creatures
  Rupert (Lair:5)
  A dire elephant (Lair:5)
  Snorg (Lair:3)
  Harold (D:9)
  2 boulder beetles
  9 hydras
  An ogre mage (D:10)
  2 centaur warriors (D:10)
  Erica (Lair:2)
  10 two-headed ogres
  Urug (Orc:2)
  5 death yaks (Lair:2)
  A sun demon (Lair:5)
  A lindwurm (Lair:5)
  Pikel (D:6)
  An orc knight (Orc:1)
  2 bog bodies
  2 deep elf pyromancers (D:10)
  A manticore (D:9)
  2 orc sorcerers
  3 black mambas
  An orange demon (Lair:5)
  9 elephants (Lair:5)
  5 torpor snails (Lair:5)
  Maggie (D:7)
  13 cane toads
  A smoke demon (Lair:5)
  A kobold demonologist (D:5)
  7 komodo dragons
  6 rime drakes
  A red devil (Lair:5)
  3 ice devils (Lair:5)
  An efreet (D:10)
  2 polar bears
  3 trolls
  13 blink frogs
  9 dream sheep
  A fire elemental (D:10)
  A shadow (D:10)
  3 wyverns
  2 spriggans (Lair:3)
  37 yaks
  A vampire (D:10)
  3 wraiths (D:10)
  3 basilisks
  3 steam dragons
  3 swamp worms (D:9)
  A warg (Orc:1)
  11 water moccasins
  3 acid dragons
  4 hell hounds (Lair:5)
  12 orc warriors
  An ice beast (D:8)
  2 black bears
  2 sky beasts
  4 ogres
  3 centaurs
  17 wolves
  A phantom (D:6)
  3 kobold brigands
  A necrophage (D:6)
  A gnoll sergeant (D:5)
  7 scorpions
  10 bullfrogs
  9 wights
  6 killer bees (D:8)
  3 electric eels
  A howler monkey (D:6)
  2 centaur zombies (Ossuary)
  A jelly (D:7)
  3 quasits (D:4)
  2 hounds (D:5)
  7 orc priests
  Crazy Yiuf (D:2)
  3 gnoll boudas
  12 orc wizards
  4 iguanas
  5 mummies (Ossuary)
  Robin (D:2)
  19 gnolls
  14 adders
  2 white imps
  3 ufetubi
  4 adder zombies (D:3)
  2 worms
  2 dart slugs
  61 orcs
  17 bats
  12 endoplasms
  4 giant cockroaches
  A gnoll zombie (Ossuary)
  19 goblins
  10 hobgoblins
  4 jackals
  19 kobolds
  3 quokkas
  3 ball pythons
  3 frilled lizards
  2 goblin zombies (Ossuary)
  A hobgoblin zombie (Ossuary)
  A kobold zombie (Ossuary)
  An orc zombie (Ossuary)
  8 rats
540 creatures vanquished.

Vanquished Creatures (others)
  A wizard (Lair:5)
  2 steam dragons (D:10)
  An orc (D:7)
  48 fungi
  61 plants
113 creatures vanquished.

Grand Total: 653 creatures vanquished

Notes
Turn   | Place    | Note
-------+----------+-------------------------------------------
     0 | D:1      | Renzlar the Gnoll Fighter began the quest for the Orb.
     0 | D:1      | Reached XP level 1. HP: 23/23 MP: 1/1
   223 | D:1      | Reached XP level 2. HP: 29/29 MP: 2/2
  1107 | D:2      | Reached XP level 3. HP: 34/35 MP: 2/4
  1108 | D:2      | Reached skill level 1 in Invocations
  1119 | D:2      | Noticed Robin
  1135 | D:1      | Reached skill level 1 in Short Blades
  1135 | D:1      | Reached skill level 1 in Long Blades
  1135 | D:1      | Reached skill level 1 in Maces & Flails
  1135 | D:1      | Reached skill level 1 in Polearms
  1135 | D:1      | Reached skill level 1 in Staves
  1135 | D:1      | Reached skill level 1 in Ranged Weapons
  1135 | D:1      | Reached skill level 1 in Throwing
  1135 | D:1      | Reached skill level 1 in Dodging
  1135 | D:1      | Reached skill level 1 in Stealth
  1135 | D:1      | Reached skill level 1 in Unarmed Combat
  1135 | D:1      | Reached skill level 1 in Spellcasting
  1135 | D:1      | Reached skill level 1 in Evocations
  1223 | D:1      | Reached XP level 4. HP: 37/41 MP: 5/5
  1328 | D:2      | Killed Robin
  1329 | D:2      | Reached skill level 1 in Conjurations
  1329 | D:2      | Reached skill level 1 in Hexes
  1329 | D:2      | Reached skill level 1 in Summonings
  1329 | D:2      | Reached skill level 1 in Necromancy
  1329 | D:2      | Reached skill level 1 in Translocations
  1329 | D:2      | Reached skill level 1 in Transmutations
  1329 | D:2      | Reached skill level 1 in Fire Magic
  1329 | D:2      | Reached skill level 1 in Ice Magic
  1329 | D:2      | Reached skill level 1 in Air Magic
  1329 | D:2      | Reached skill level 1 in Earth Magic
  1329 | D:2      | Reached skill level 1 in Poison Magic
  1671 | D:2      | Identified the +0 robe "Siest" {rC- Int+4 Slay+3}
  1716 | D:2      | Found a faded altar of an unknown god.
  1982 | D:2      | Identified the +8 hammer of Ilol {vorpal, *Noise Fly rCorr
                  | Str+4}
  1986 | D:2      | Found a runed translucent door.
  1987 | D:2      | Noticed Crazy Yiuf
  1996 | D:2      | Killed Crazy Yiuf
  1997 | D:2      | Reached XP level 5. HP: 2/47 MP: 5/7
  2626 | D:3      | Found Peguxog's Antique Weapon Emporium.
  2686 | D:3      | Found a basalt altar of Yredelemnul.
  3141 | D:3      | Bought an ebony hand axe for 192 gold pieces
  3141 | D:3      | Identified the +5 hand axe "Wupno" {vamp, Str+2} (You
                  | bought it in a shop on level 3 of the Dungeon)
  3604 | D:4      | Reached XP level 6. HP: 44/53 MP: 8/8
  3674 | D:4      | Reached skill level 5 in Axes
  3944 | D:4      | Reached XP level 7. HP: 47/60 MP: 10/10
  4376 | D:5      | Entered Level 5 of the Dungeon
  4803 | D:5      | Reached XP level 8. HP: 65/67 MP: 12/12
  5042 | D:5      | Noticed a kobold demonologist
  5048 | D:5      | Noticed an orange demon
  5052 | D:5      | Noticed a hellwing
  5056 | D:5      | Killed a kobold demonologist
  5867 | D:6      | Reached XP level 9. HP: 73/73 MP: 14/14
  5961 | D:6      | Noticed Pikel
  5972 | D:6      | Killed Pikel
  6368 | D:6      | Identified the +4 whip of Subjectivity {antimagic, rElec}
  7073 | D:7      | Reached skill level 5 in Invocations
  7446 | D:7      | Found a staircase to the Ecumenical Temple.
  7455 | Temple   | Entered the Ecumenical Temple
  7517 | Temple   | Became a worshipper of Warmaster Okawaru
  7637 | D:7      | Noticed Maggie
  7664 | D:7      | Killed Maggie
  8071 | D:8      | Found a sand-covered staircase.
  8078 | Ossuary  | Entered an ossuary
  8167 | Ossuary  | Reached skill level 5 in Short Blades
  8167 | Ossuary  | Reached skill level 5 in Long Blades
  8167 | Ossuary  | Reached skill level 5 in Maces & Flails
  8167 | Ossuary  | Reached skill level 5 in Polearms
  8167 | Ossuary  | Reached skill level 5 in Staves
  8167 | Ossuary  | Reached skill level 5 in Ranged Weapons
  8167 | Ossuary  | Reached skill level 5 in Throwing
  8167 | Ossuary  | Reached skill level 5 in Dodging
  8167 | Ossuary  | Reached skill level 5 in Stealth
  8167 | Ossuary  | Reached skill level 5 in Unarmed Combat
  8167 | Ossuary  | Reached skill level 5 in Spellcasting
  8167 | Ossuary  | Reached skill level 5 in Evocations
  8167 | Ossuary  | Reached XP level 10. HP: 81/81 MP: 17/17
  8416 | D:8      | Reached * piety under Okawaru
  8418 | D:8      | Noticed a two-headed ogre
  8446 | D:8      | Killed a two-headed ogre
  8490 | D:8      | Reached ** piety under Okawaru
  8949 | D:8      | Found a sparkling altar of Nemelex Xobeh.
  9471 | D:8      | Reached *** piety under Okawaru
  9482 | D:9      | Found Jayrrurph's Jewellery Shoppe.
  9487 | D:9      | Bought a ring of willpower for 350 gold pieces
  9489 | D:9      | Noticed a manticore
  9508 | D:9      | Killed a manticore
  9657 | D:9      | Found Nuera's Magic Scroll Boutique.
  9678 | D:9      | Found Jaratonk's Assorted Antiques.
  9696 | D:9      | Bought a tubular bone ring for 105 gold pieces
  9945 | D:9      | Reached **** piety under Okawaru
  9946 | D:9      | Reached skill level 5 in Conjurations
  9946 | D:9      | Reached skill level 5 in Hexes
  9946 | D:9      | Reached skill level 5 in Summonings
  9946 | D:9      | Reached skill level 5 in Necromancy
  9946 | D:9      | Reached skill level 5 in Translocations
  9946 | D:9      | Reached skill level 5 in Transmutations
  9946 | D:9      | Reached skill level 5 in Fire Magic
  9946 | D:9      | Reached skill level 5 in Ice Magic
  9946 | D:9      | Reached skill level 5 in Air Magic
  9946 | D:9      | Reached skill level 5 in Earth Magic
  9946 | D:9      | Reached skill level 5 in Poison Magic
  9946 | D:9      | Reached XP level 11. HP: 83/89 MP: 20/20
 10166 | D:9      | Noticed a two-headed ogre
 10174 | D:9      | Killed a two-headed ogre
 10174 | D:9      | Received a gift from Okawaru
 10178 | D:9      | Noticed Harold
 10319 | D:9      | Killed Harold
 11631 | D:10     | Entered Level 10 of the Dungeon
 11916 | D:10     | Found a hazy altar of Hepliaklqana.
 12110 | D:10     | Noticed a deep elf pyromancer
 12127 | D:10     | Killed a deep elf pyromancer
 12546 | D:10     | Reached ***** piety under Okawaru
 12598 | D:10     | Identified the +10 glaive "Atiam" {vorpal, Dex+7}
 12614 | D:10     | Noticed a deep elf pyromancer
 12716 | D:10     | Gained mutation: You are frail. (-10% HP) [potion of
                  | mutation]
 12716 | D:10     | Gained mutation: Your mind is acute. (Int +4, Str/Dex -1)
                  | [potion of mutation]
 12717 | D:10     | Lost mutation: You are frail. (-10% HP) [potion of
                  | mutation]
 12717 | D:10     | Lost mutation: Your mind is acute. (Int +4, Str/Dex -1)
                  | [potion of mutation]
 12717 | D:10     | Gained mutation: Your movements are slightly less
                  | encumbered by armour. (ER -2) [potion of mutation]
 12717 | D:10     | Gained mutation: You have hidden genetic potential. [potion
                  | of mutation]
 12912 | D:10     | Noticed an ogre mage
 12952 | D:10     | Killed an ogre mage
 12952 | D:10     | Received a gift from Okawaru
 13183 | D:10     | Noticed a boulder beetle
 13188 | D:10     | Noticed a centaur warrior
 13210 | D:10     | Killed a centaur warrior
 13216 | D:10     | Killed a boulder beetle
 13216 | D:10     | Identified the +0 buckler of Okawaru's Inspiration {rCorr
                  | Str+4} (Okawaru gifted it to you on level 10 of the
                  | Dungeon)
 13216 | D:10     | Received a gift from Okawaru
 13217 | D:10     | Reached XP level 12. HP: 46/97 MP: 22/22
 13287 | D:10     | Learned a level 5 spell: Lee's Rapid Deconstruction
 13559 | D:10     | Found a staircase to the Orcish Mines.
 13636 | D:10     | Noticed a centaur warrior
 13648 | D:10     | Killed a centaur warrior
 13725 | D:10     | Noticed a two-headed ogre
 13744 | D:10     | Killed a two-headed ogre
 13745 | D:10     | Reached skill level 10 in Fighting
 13745 | D:10     | Reached skill level 10 in Armour
 13745 | D:10     | Reached skill level 10 in Shields
 13994 | D:10     | Learned a level 5 spell: Irradiate
 14020 | D:10     | Found a staircase to the Lair.
 14302 | Lair:1   | Entered Level 1 of the Lair of Beasts
 15184 | Lair:2   | Gained mutation: You are agile. (Dex +4, Str/Int -1)
                  | [hidden potential]
 15237 | Lair:2   | Noticed Erica
 15263 | Lair:2   | Killed Erica
 15692 | Lair:2   | Received a gift from Okawaru
 15935 | Lair:2   | Identified the +0 scale mail "Yrov Lisaehe" {rF+} (Okawaru
                  | gifted it to you on level 2 of the Lair of Beasts)
 15935 | Lair:2   | Received a gift from Okawaru
 16026 | Lair:2   | Noticed a six-headed hydra
 16038 | Lair:2   | Killed a one-headed hydra
 16208 | Lair:2   | Noticed a four-headed hydra
 16217 | Lair:2   | Killed a one-headed hydra
 16323 | Lair:2   | Found a staircase to the Snake Pit.
 16365 | Lair:2   | Found a staircase to the Swamp.
 16563 | Lair:2   | Reached XP level 13. HP: 92/104 MP: 25/25
 17463 | Lair:3   | Gained mutation: You possess an exceptional clarity of
                  | mind. [hidden potential]
 17463 | Lair:3   | Lost mutation: You have hidden genetic potential. [hidden
                  | potential expressed]
 17699 | Lair:3   | Noticed Snorg
 17712 | Lair:3   | Killed Snorg
 17726 | Lair:3   | Learned a level 3 spell: Portal Projectile
 17750 | Lair:3   | Identified the quicksilver dragon scales of Okawaru,
                  | Protecting {rF+ Will+} (Okawaru gifted it to you on level 3
                  | of the Lair of Beasts)
 17750 | Lair:3   | Received a gift from Okawaru
 18459 | Lair:4   | Reached skill level 10 in Long Blades
 18629 | Lair:4   | Identified the +5 scale mail "Jeifam" {+Inv Str+2}
 18756 | Lair:4   | Reached skill level 10 in Axes
 19625 | Lair:5   | Entered Level 5 of the Lair of Beasts
 19651 | Lair:5   | Learned a level 4 spell: Olgreb's Toxic Radiance
 19713 | Lair:5   | Reached ****** piety under Okawaru
 19725 | Lair:5   | Reached skill level 10 in Invocations
 19725 | Lair:5   | Reached XP level 14. HP: 48/113 MP: 27/27
 19733 | Lair:5   | Reached XP level 15. HP: 32/119 MP: 28/28
 20454 | Lair:5   | Received a gift from Okawaru
 20677 | Lair:5   | Identified the +7 great mace of Joyful Slaughter {spect,
                  | +Blink MP+9 Str-4 Stlth+} (Okawaru gifted it to you on
                  | level 5 of the Lair of Beasts)
 20677 | Lair:5   | Received a gift from Okawaru
 20911 | Lair:5   | Found a burning altar of Makhleb.
 21225 | Lair:5   | Found a gateway to Hell.
 21372 | Lair:5   | Reached skill level 10 in Short Blades
 21372 | Lair:5   | Reached skill level 10 in Maces & Flails
 21372 | Lair:5   | Reached skill level 10 in Polearms
 21372 | Lair:5   | Reached skill level 10 in Staves
 21372 | Lair:5   | Reached skill level 10 in Ranged Weapons
 21372 | Lair:5   | Reached skill level 10 in Throwing
 21372 | Lair:5   | Reached skill level 10 in Dodging
 21372 | Lair:5   | Reached skill level 10 in Stealth
 21372 | Lair:5   | Reached skill level 10 in Unarmed Combat
 21372 | Lair:5   | Reached skill level 10 in Spellcasting
 21372 | Lair:5   | Reached skill level 10 in Evocations
 21569 | Lair:5   | Found a snail-covered altar of Cheibriados.
 21797 | Lair:5   | Noticed Rupert
 21807 | Lair:5   | Paralysed by Rupert for 2 turns
 21822 | Lair:5   | Killed Rupert
 22222 | Lair:5   | Found a viscous altar of Jiyva.
 22222 | Lair:5   | Found a staircase to the Slime Pits.
 22572 | Orc:1    | Entered Level 1 of the Orcish Mines
 22780 | Orc:1    | Learned a level 5 spell: Fireball
 22919 | Orc:2    | Entered Level 2 of the Orcish Mines
 22919 | Orc:2    | Found a staircase to the Elven Halls.
 23004 | Orc:1    | Received a gift from Okawaru
 23544 | Orc:2    | Paralysed by an orc sorcerer for 5 turns
 23597 | Orc:2    | Noticed Urug
 23616 | Orc:2    | Killed Urug
 25248 | Orc:1    | Slain by an ettin

Illustrated notes

Levels and vault maps discovered:
D:1:      dpeg_arrival_long_road, layout_basic
D:2:      minmay_razor_zed, layout_loops_ring, ebering_ecumenical_altar_hall,
          minmay_misc_feat_plants, uniq_robin, uniq_crazy_yiuf_cottage
D:3:      layout_basic, nicolae_yredelemnul_corpse_copse, serial_shops,
          nicolae_shop_statue_plus
D:4:      layout_cave_pools, serial_demonic, serial_demonic_e, serial_demonic_b,
          serial_demonic_g, serial_demonic_b, serial_demonic_d, serial_demonic_d
D:5:      layout_cave_pools, minmay_small_thing
D:6:      old_forge, layout_layer_cave, minmay_misc_feat_iff, uniq_pikel
D:7:      layout_gridville, minmay_temple_entry_gardened_gates, st_stairs_13,
          uniq_maggie
D:8:      layout_loops_ring, mainiacjoe_overflow_concentric_impassable,
          chequers_ossuary_entry_cave, fountainhead, st_stairs_3
D:9:      layout_loops_corners, enter_bailey_5, serial_shops, shop,
          nicolae_shop_hallway_stairs, nicolae_shop_stone, serial_rivers,
          chequers_serial_rivers_room_b, chequers_serial_rivers_micro_e,
          chequers_serial_rivers_micro_c, chequers_serial_rivers_small_b,
          worms_lemuel, uniq_harold
D:10:     minmay_the_grid_square_5x5_3x3 [minmay_the_grid_square_5x5_shrine2,
          minmay_the_grid_square_5x5_checkered_sparse,
          minmay_the_grid_square_5x5_shuriken,
          minmay_the_grid_square_5x5_shrine1,
          minmay_the_grid_square_5x5_megaprize_checkered,
          minmay_the_grid_square_5x5_inset,
          minmay_the_grid_square_5x5_half_checkered,
          minmay_the_grid_square_5x5_beaten_path,
          minmay_the_grid_square_5x5_meh], layout_gridville,
          mainiacjoe_overflow_catwalk, grunt_lair_entry_orc_guard_hut,
          orc_0_dummy, dilly_guarded_unrand_elemental_staff
D:11:     wad_statue_garden, layout_basic, uniq_nergalle
Temple:   nicolae_temple_bog_church
Lair:1:   layout_loops_ring
Lair:2:   layout_cave_pods, skrybe_swamp_entry_bodies, dummy_snake_entry,
          hangedman_lair_unloving_vines, uniq_erica
Lair:3:   layout_gridlike, forest_entry_grove, uniq_snorg
Lair:4:   layout_small_grid, st_stairs_13, serial_bayou_shore_a
Lair:5:   evil_forest, layout_loops_ring, dpeg_slime_entry_enclosed,
          chequers_serial_rivers_marsh, kennysheep_snail_temple, uniq_rupert
Orc:1:    layout_caves, uniq_fannar
Orc:2:    st_orc_ogre_mass, layout_caves, ebering_ghost_inner_flame,
          basic_altar, mines3_lemuel, uniq_urug

Skill      XL: |  1  2  3  4  5  6  7  8  9 10 11 12 13 14 15 |
---------------+----------------------------------------------+-----
Invocations    | 1 2 3 4 5 6 7 8 10 11 | 11.3
Short Blades   | 1 2 3 5 6 7 8 9 10 | 10.4
Long Blades    | 1 2 3 5 6 7 9 11 12 | 12.6
Maces & Flails | 1 2 3 5 6 7 8 9 10 | 10.4
Polearms       | 1 2 3 5 6 7 8 9 10 | 10.4
Staves         | 1 2 3 5 6 7 8 9 10 | 10.4
Ranged Weapons | 1 2 3 5 6 7 8 9 10 | 10.4
Throwing       | 1 2 3 5 6 7 8 9 10 | 10.4
Dodging        | 1 2 3 5 6 7 8 9 10 | 10.4
Stealth        | 1 2 3 5 6 7 8 9 10 | 10.4
Unarmed Combat | 1 2 3 5 6 7 8 9 10 | 10.4
Spellcasting   | 1 2 3 5 6 7 8 9 10 | 10.4
Evocations     | 1 2 3 5 6 7 8 9 10 | 10.4
Conjurations   | 1 2 3 4 5 6 7 8 |  8.7
Hexes          | 1 2 3 4 5 6 7 8 |  8.7
Summonings     | 1 2 3 4 5 6 7 8 |  8.7
Necromancy     | 1 2 3 4 5 6 7 8 |  8.7
Translocations | 1 2 3 4 5 6 7 8 |  8.7
Transmutations | 1 2 3 4 5 6 7 8 |  8.7
Fire Magic     | 1 2 3 4 5 6 7 8 |  8.7
Ice Magic      | 1 2 3 4 5 6 7 8 |  8.7
Air Magic      | 1 2 3 4 5 6 7 8 |  8.7
Earth Magic    | 1 2 3 4 5 6 7 8 |  8.7
Poison Magic   | 1 2 3 4 5 6 7 8 |  8.7
Axes           | 5 6 7 8 9 10 11 | 11.3
Fighting       | 7 8 9 10 11 12 | 12.2
Armour         | 7 8 9 10 11 12 | 12.2
Shields        | 7 8 9 10 11 12 | 12.2

Action                   |  1- 3 |  4- 6 |  7- 9 | 10-12 | 13-15 || total
-------------------------+-------+-------+-------+-------+-------++-------
Melee: War axe           |    57 |    23 |       |       |       ||    80
       Bite              |     1 |     9 |    37 |   100 |   113 ||   260
       Mace              |       |    57 |    64 |   155 |       ||   276
       Hand axe          |       |    24 |   219 |   258 |    21 ||   522
       Dagger            |       |       |     2 |    19 |    16 ||    37
       Staff             |       |       |       |   169 |   133 ||   302
       Trident           |       |       |       |     2 |       ||     2
       Scimitar          |       |       |       |   113 |   594 ||   707
       Eveningstar       |       |       |       |       |     4 ||     4
 Fire: Sling             |       |   114 |    93 |   124 |    67 ||   398
Throw: Dart              |       |       |     2 |     8 |     7 ||    17
       Throwing net      |       |       |       |     3 |     1 ||     4
 Cast: Irradiate         |       |       |       |       |     1 ||     1
Invok: Heroism           |       |       |       |     5 |     2 ||     7
Evoke: Wand              |       |       |     1 |       |     1 ||     2
       Condenser vane    |       |       |       |       |     2 ||     2
       Lightning rod     |       |       |       |       |     4 ||     4
  Use: Scroll            |     6 |     9 |     7 |     8 |     4 ||    34
       Potion            |     1 |     1 |     1 |     9 |     6 ||    18
 Stab: Sleeping          |       |       |     2 |     6 |    15 ||    23
       Invisible         |       |       |     2 |       |       ||     2
       Held in net/web   |       |       |     1 |     1 |       ||     2
       Distracted        |       |       |       |       |     1 ||     1
Armor: Scale mail        |    31 |    76 |   116 |       |       ||   223
       Acid dragon scale |       |       |     3 |   245 |    19 ||   267
       Skin              |       |       |       |     6 |    25 ||    31
       Quicksilver drago |       |       |       |       |   225 ||   225
Dodge: Dodged            |    24 |    68 |   118 |   331 |   449 ||   990
Block: Buckler           |    18 |    47 |    28 |       |       ||    93
       Kite shield       |       |       |   105 |   429 |   527 ||  1061
